 Dungeon Crawl Stone Soup version 0.24-a0-471-g3302cd442e (webtiles) character file.

Game seed: 13841484933759319927

2619 pk666 the Thaumaturge (level 9, -3/45 HPs)
             Began as a Deep Elf Wizard on July 4, 2019.
             Was an Initiate of Vehumet.
             Slain by an orc warrior
             ... wielding a +0 battleaxe
              (15 damage)
             ... on level 7 of the Dungeon.
             The game lasted 00:16:39 (9002 turns).

pk666 the Thaumaturge (Deep Elf Wizard)             Turns: 9002, Time: 00:16:41

Health: -3/45      AC:  3    Str:  4    XL:     9   Next: 34%
Magic:  6/24       EV: 19    Int: 27    God:    Vehumet [......]
Gold:   340        SH:  0    Dex: 13    Spells: 17/26 levels left

rFire    . . .     SeeInvis .   r - +1 dagger (holy)
rCold    . . .     Gourm    +   (no shield)
rNeg     + . .     Faith    .   A - +0 robe (curse)
rPois    .         Spirit   .   b - +0 hat
rElec    .         Reflect  .   a - +0 cloak
rCorr    .         Harm     .   (no gloves)
MR       .....                  (no boots)
Stlth    ++........             v - amulet of the gourmand
HPRegen  0.15/turn              c - +3 ring of evasion
MPRegen  0.19/turn              l - ring of positive energy

@: slowed, very slow
A: no striking features
a: Renounce Religion


You were on level 7 of the Dungeon.
You worshipped Vehumet.
Vehumet was noncommittal.
You were completely stuffed.

You visited 2 branches of the dungeon, and saw 8 of its levels.

You collected 389 gold pieces.
You spent 49 gold pieces at shops.

Inventory:

Hand Weapons
 r - a +1 dagger of holy wrath (weapon)
Armour
 a - a +0 cloak (worn)
 b - a +0 hat (worn)
 A - a cursed +0 robe (worn)
Jewellery
 c - a +3 ring of evasion (left hand)
 l - a ring of positive energy (right hand)
 v - an amulet of the gourmand (around neck)
 y - an uncursed amulet of guardian spirit
Wands
 u - a wand of polymorph (17)
 C - a wand of acid (6)
Scrolls
 e - 4 scrolls of teleportation
 h - 4 scrolls of magic mapping
 k - 3 scrolls of blinking
 n - a scroll of amnesia {unknown}
 o - 4 scrolls of remove curse
 p - 5 scrolls of identify
 s - 2 scrolls of immolation {unknown}
 w - a scroll of fog {unknown}
 D - a scroll of enchant armour {unknown}
Potions
 f - 2 potions of invisibility {unknown}
 g - 3 potions of heal wounds
 i - 2 potions of lignification
 j - 2 potions of curing
 m - a potion of brilliance {unknown}
 q - 2 potions of flight
 t - a potion of magic {unknown}
 x - a potion of mutation {unknown}
 z - a potion of resistance {unknown}
 B - 2 potions of haste
Comestibles
 d - 15 rations


   Skills:
 + Level 6.7 Dodging
 - Level 2.4 Stealth
 + Level 9.1 Spellcasting
 + Level 6.7 Conjurations
   Level 1.1 Summonings
 - Level 3.3 Translocations
 + Level 6.3 Fire Magic
 - Level 2.1 Air Magic
 - Level 3.0 Poison Magic


You had 17 spell levels left.
You knew the following spells:

 Your Spells              Type           Power        Failure   Level  Hunger
a - Magic Dart            Conj           ####         1%          1    None
b - Blink                 Tloc           N/A          1%          2    None
c - Conjure Flame         Conj/Fire      #####...     1%          3    None
d - Mephitic Cloud        Conj/Pois/Air  ####....     2%          3    None

Your spell library contained the following spells:

 Spells                   Type           Power        Failure   Level  Hunger
 Call Imp                 Summ           ###.....     4%          2    None
 Slow                     Hex            ##......     7%          2    None


Dungeon Overview and Level Annotations

Branches:
Dungeon (7/15)             Temple (1/1) D:6

Altars:
Ashenzari
Cheibriados
Dithmenos
Elyvilon
Fedhas
Gozag
Hepliaklqana
Kikubaaqudgha
Makhleb
Okawaru
Qazlal
Ru
Sif Muna
Trog
Uskayaw
Vehumet
Wu Jian
Xom
Yredelemnul
Zin
The Shining One

Shops:
D:4 (   D:5 [   D:6 (


Message History

Confirm with . or Enter, or press ? or * to list all spells.
Aiming: Magic Dart (safe; 1% risk of failure)
Press: ? - help, Shift-Dir - straight line, f/p - hornet
Aim: a hornet (severely wounded, confused)
The magic dart hits the hornet.
The hornet is almost dead.
The orc warrior hits you with a +0 battleaxe!!
The hornet completely misses you.
Casting: Magic Dart (safe; 1% risk of failure)
Confirm with . or Enter, or press ? or * to list all spells.
Aiming: Magic Dart (safe; 1% risk of failure)
Press: ? - help, Shift-Dir - straight line, f/p - hornet
Aim: a hornet (almost dead, confused)
The magic dart hits the hornet but does no damage.
The hornet is almost dead.
The orc warrior seems less confused.
The hornet stings you!
* * * LOW HITPOINT WARNING * * *
You feel yourself slow down.
The orc warrior hits you with a +0 battleaxe!
You die...

#....##..#...##.........#..#
##..###.##.............###.#
####..####.(.....##.......#####
#.....###.......######......#
##.....#.##..######.# #.....## #
..............>......####..#..# #
...........#..........##......###
....#.....##...........#......##.
....##...####...@o........#....#.
##. #...........y.......###......
# ...)..#.#.#..[...°...###......
...####.###...........#.......
...# #....................####.
##.....#.#..............###
####.....#####.............###
........### ##.....÷........#
#....#....###.................


You could see a hornet (confused) and an orc warrior.

Vanquished Creatures
  Grinder (D:3)
  Sigmund (D:4)
  Eustachio (D:4)
  A hungry ghost (D:5)
  Menkaure (D:7)
  An ice beast (D:6)
  A sky beast (D:5)
  3 black bears
  2 ogres
  A gnoll sergeant (D:7)
  2 bullfrogs (D:6)
  2 scorpions
  2 howler monkeys (D:6)
  3 crimson imps
  A centaur zombie (D:6)
  5 hounds
  2 bullfrog skeletons
  2 orc priests (D:7)
  A jelly (D:7)
  2 iguanas
  2 orc wizards
  Terence (D:2)
  4 worker ants
  2 hound skeletons (D:4)
  A howler monkey zombie (D:5)
  A worker ant zombie (D:5)
  A howler monkey skeleton (D:5)
  6 adders
  7 gnolls
  A shadow imp (D:6)
  An ooze (D:2)
  2 worms
  A dart slug (D:4)
  3 leopard geckos
  14 orcs
  8 giant cockroaches
  8 goblins
  5 hobgoblins
  9 kobolds
  5 quokkas
  7 bats
  4 frilled lizards
  A jackal skeleton (D:4)
  A jackal zombie (D:5)
  10 rats
140 creatures vanquished.

Vanquished Creatures (others)
  An iguana (D:6)
1 creature vanquished.

Grand Total: 141 creatures vanquished

Notes
Turn   | Place    | Note
-------+----------+-------------------------------------------
     0 | D:1      | pk666 the Deep Elf Wizard began the quest for the Orb.
     0 | D:1      | Reached XP level 1. HP: 10/10 MP: 7/7
   391 | D:1      | Reached XP level 2. HP: 15/15 MP: 3/9
  1292 | D:2      | Reached XP level 3. HP: 19/19 MP: 0/11
  1380 | D:2      | Learned a level 2 spell: Blink
  1384 | D:2      | Learned a level 3 spell: Conjure Flame
  1388 | D:2      | Learned a level 3 spell: Mephitic Cloud
  1456 | D:2      | Noticed Terence
  1724 | D:2      | Killed Terence
  1724 | D:2      | Reached skill level 5 in Spellcasting
  1939 | D:2      | Reached XP level 4. HP: 24/24 MP: 8/13
  2131 | D:2      | Found a shattered altar of Ashenzari.
  2295 | D:2      | Reached skill level 1 in Fire Magic
  2531 | D:2      | Found a blossoming altar of Fedhas.
  2771 | D:3      | Noticed Grinder
  2790 | D:3      | Killed Grinder
  2790 | D:3      | Reached skill level 1 in Air Magic
  2790 | D:3      | Reached XP level 5. HP: 27/28 MP: 3/15
  2790 | D:3      | Reached XP level 6. HP: 30/32 MP: 3/16
  2990 | D:3      | Found a white marble altar of Elyvilon.
  3397 | D:3      | Found a burning altar of Makhleb.
  3397 | D:3      | Noticed a blizzard demon
  3722 | D:4      | Reached skill level 6 in Spellcasting
  4029 | D:4      | Noticed Sigmund
  4038 | D:4      | Killed Sigmund
  4038 | D:4      | Reached XP level 7. HP: 36/36 MP: 7/18
  4398 | D:4      | Noticed Eustachio
  4418 | D:4      | Killed Eustachio
  4418 | D:4      | Reached skill level 7 in Spellcasting
  4711 | D:4      | Found Veixken's Antique Weapon Boutique.
  4749 | D:5      | Entered Level 5 of the Dungeon
  4770 | D:4      | Reached XP level 8. HP: 18/41 MP: 1/20
  5495 | D:5      | Reached skill level 5 in Conjurations
  5604 | D:5      | Reached skill level 5 in Dodging
  5804 | D:5      | Found Sisufotwy's Armour Shop.
  5822 | D:5      | Bought a +0 cloak for 49 gold pieces
  6420 | D:6      | Found a staircase to the Ecumenical Temple.
  6440 | D:6      | Reached skill level 8 in Spellcasting
  6440 | D:6      | Reached skill level 5 in Fire Magic
  6820 | D:6      | Found a glowing silver altar of Zin.
  6969 | Temple   | Entered the Ecumenical Temple
  7564 | D:6      | Reached XP level 9. HP: 45/45 MP: 16/23
  7617 | D:6      | Found a bloodstained altar of Trog.
  7636 | D:6      | Found Kalokint's Antique Weapon Boutique.
  7684 | D:6      | Found a radiant altar of Vehumet.
  7692 | D:6      | Became a worshipper of Vehumet
  7975 | D:6      | Found a blossoming altar of Fedhas.
  8312 | D:7      | Noticed Menkaure
  8322 | D:7      | Killed Menkaure
  8467 | D:7      | Reached skill level 9 in Spellcasting
  9002 | D:7      | Slain by an orc warrior

Levels and vault maps discovered:
D:1:      dpeg_arrival_circle_labyrinth_a, layout_loops_corners,
          roderic_lattice_a
D:2:      layout_basic, nicolae_overflow_crystal_walls, lemuel_doored_altar,
          first_ration, minmay_pentomino_r2, uniq_terence
D:3:      wander_river, layout_basic, makhleb_altar_promises_db,
          elyvilon_altar_3, uniq_grinder
D:4:      layout_cave_pools, serial_shops, nicolae_shop_waterfront,
          minmay_box_of_dots, uniq_eustachio, uniq_sigmund
D:5:      layout_rooms, serial_shops, shop
D:6:      layout_basic, fiery_altar_vehumet, trog_ov_bears_minmay,
          kennysheep_mini, minmay_temple_entry_slanted, serial_shops,
          nicolae_shop_stone, fedhas_altar_1
D:7:      layout_cave_pools, uniq_harold, uniq_menkaure
Temple:   regret_index_temple_generic_petals

Skill      XL: |  1  2  3  4  5  6  7  8  9 |
---------------+----------------------------+-----
Dodging        | 3 4 6 |  6.7
Conjurations   | 2 3 4 6 |  6.7
Spellcasting   | 5 6 7 8 9 |  9.1
Fire Magic     | 2 3 4 5 6 |  6.3
Translocations | 2 3 |  3.3
Air Magic      | 1 2 |  2.1
Poison Magic   | 2 3 |  3.0
Stealth        | |  2.4
Summonings     | |  1.1

Action                   |  1- 3 |  4- 6 |  7- 9 || total
-------------------------+-------+-------+-------++-------
Melee: Dagger            |       |       |    17 ||    17
 Cast: Magic Dart        |    87 |   145 |   327 ||   559
       Conjure Flame     |     3 |       |    14 ||    17
       Mephitic Cloud    |       |     2 |     6 ||     8
       Blink             |       |       |     4 ||     4
  Use: Potion            |       |     2 |       ||     2
       Scroll            |       |       |     8 ||     8
  Eat: Chunk             |     3 |     7 |    26 ||    36
Armor: Robe              |     2 |     2 |     5 ||     9
Dodge: Dodged            |     3 |    18 |   103 ||   124

Table legend:
 A = Non-vault XP
 B = Vault XP
 C = Vault XP percentage of total XP
 D = Non-vault monster count
 E = Vault monster count
 F = Vault count percentage of total count
                 A         B        C        D         E       F
            +---------+---------+-------+---------+---------+-------
      Total |    2427 |    1315 |  35.1 |     128 |      12 |   8.6
            +---------+---------+-------+---------+---------+-------
        D:1 |      33 |       0 |   0.0 |      20 |       0 |   0.0
        D:2 |      42 |      52 |  55.3 |      14 |       3 |  17.6
        D:3 |     225 |     254 |  53.0 |      27 |       1 |   3.6
        D:4 |     180 |     572 |  76.1 |      16 |       5 |  23.8
        D:5 |     664 |       0 |   0.0 |      18 |       0 |   0.0
        D:6 |     789 |     254 |  24.4 |      19 |       2 |   9.5
        D:7 |     494 |     183 |  27.0 |      14 |       1 |   6.7
            +---------+---------+-------+---------+---------+-------
